 Dungeon Crawl Stone Soup version 0.14.1-25-g305bacd (webtiles) character file.

116 Ales the Magician (level 3, -7/19 HPs)
             Began as a Deep Elf Wizard on July 7, 2014.
             Killed from afar by Natasha (10 damage)
             ... with a wand of frost
             ... on Level 3 of the Dungeon.
             The game lasted 00:09:25 (1810 turns).

Ales the Magician (Deep Elf Wizard)                 Turns: 1810, Time: 00:09:25

HP  -7/19        AC  3     Str  4      XL: 3   Next: 87%
MP  11/14        EV 13     Int 23      God:
Gold 53          SH  0     Dex 13      Spells:  4 memorised,  4 levels left

rFire  . . .     SeeInvis .     n - +0,+2 dagger
rCold  . . .     Clarity  .     a - +0 robe
rNeg   . . .     Conserve .     (no shield)
rPois  .         rCorr    .     b - +1 hat
rElec  .         rRot     .     (no cloak)
SustAb . .       Spirit   .     (no gloves)
rMut   .         Warding  .     (no boots)
Saprov . . .     Stasis   .     (no amulet)
MR     .....                    (no ring)
                                (no ring)

@: very slightly contaminated, not resistant to hostile enchantments, fairly
stealthy
A: no striking features
a: no special abilities


You were on level 3 of the Dungeon.
You were not hungry.

You visited 1 branch of the dungeon, and saw 3 of its levels.

You collected 53 gold pieces.

Inventory:

Hand weapons
 n - a +0,+2 dagger (weapon)
Armour
 a - a +0 robe (worn)
 b - a +1 hat (worn)
 j - a +2 cloak of preservation
Comestibles
 d - 4 bread rations
 g - a choko
 h - 2 meat rations
 o - 2 chunks of goblin flesh
 s - a chunk of bat flesh
 u - a rotting chunk of adder flesh
Scrolls
 e - a scroll of teleportation
 f - 2 scrolls of fear
 r - a scroll of magic mapping
 t - a scroll of enchant armour
Jewellery
 l - an uncursed ring of poison resistance {unknown}
 p - a +6 ring of dexterity {unknown}
Potions
 i - 3 potions of brilliance {unknown}
 k - 2 potions of heal wounds {unknown}
 m - a potion of paralysis {unknown}
 q - a potion of curing {unknown}
Books
 c - a book of Minor Magic

   Spells                             Type                      Level
   *Magic Dart                        Conjuration                  1
   Blink                              Translocation                2
   Call Imp                           Summoning                    2
   Repel Missiles                     Charms/Air                   2
   *Slow                              Hexes                        2
   *Conjure Flame                     Conjuration/Fire             3
   *Mephitic Cloud                    Conjuration/Poison/Air       3


   Skills:
 + Level 2.7 Dodging
 + Level 2.5 Stealth
 + Level 5.9 Spellcasting
 + Level 2.2 Conjurations
   Level 1.1 Summonings
   Level 1.1 Translocations


You had 4 spell levels left.
You knew the following spells:

 Your Spells              Type           Power        Failure   Level  Hunger
a - Magic Dart            Conj           ###.         3%          1    None
b - Conjure Flame         Conj/Fire      ##......     17%         3    ##.....
c - Slow                  Hex            #.......     17%         2    None
d - Mephitic Cloud        Conj/Pois/Air  ##......     21%         3    ##.....


Dungeon Overview and Level Annotations

Branches:
Dungeon (3/15)

Altars:
Fedhas

Annotations:
D:3 Natasha


Message History

Casting: Magic Dart
Confirm with . or Enter, or press ? or * to list all spells.
Aiming: Magic Dart
Press: ? - help, Shift-Dir - straight line, f - Natasha
Aim: Natasha carrying a wand of frost {zapped: 1} The magic dart hits Natasha.
Natasha stares at you and mumbles some strange words.
The magic dart hits you!
Ouch! That really hurt!
* * * LOW HITPOINT WARNING * * *
Casting: Magic Dart
Confirm with . or Enter, or press ? or * to list all spells.
Aiming: Magic Dart
Press: ? - help, Shift-Dir - straight line, f/p - Natasha
Aim: Natasha carrying a wand of frost {zapped: 1} The magic dart hits Natasha.
Natasha is lightly wounded.
Natasha zaps a wand.
The puff of frost hits you!
Ouch! That really hurt!
You die...

#.# . ##.#### #.# #.#
#.# .......# #.# #.#
#.# ........# #.# #.#
#.# ...h...!.# #.#
#.###.# .........# #.#
....... .........#
#.###.# #.#
....#.....###.....# #.#
......≈≈@≈........###.#
....>.._≈......<...)..#
....≈≈.≈.....#.#.###[#
....≈..≈.#####.#.# #.#
....##.... #.#.# #.#
... #.#### #.#.# #.# .
#. #.#.. ... #. #.#..
... .. #.#.# #..


You could see Natasha.

Vanquished Creatures
  3 adders
  3 giant geckos (D:1)
  5 bats
  A giant cockroach (D:1)
  3 hobgoblins
  2 jackals (D:1)
  A giant newt (D:1)
  5 goblins
  5 kobolds
  3 rats
31 creatures vanquished.

Notes
Turn   | Place    | Note
--------------------------------------------------------------
     0 | D:1      | Ales, the Deep Elf Wizard, began the quest for the Orb.
     0 | D:1      | Reached XP level 1. HP: 10/10 MP: 6/6
   374 | D:1      | Reached skill level 5 in Spellcasting
   457 | D:1      | Reached XP level 2. HP: 15/15 MP: 9/11
   895 | D:1      | Reached XP level 3. HP: 19/19 MP: 11/14
  1739 | D:2      | Learned a level 3 spell: Conjure Flame
  1742 | D:2      | Learned a level 2 spell: Slow
  1746 | D:2      | Learned a level 3 spell: Mephitic Cloud
  1748 | D:3      | Found a blossoming altar of Fedhas.
  1807 | D:3      | Noticed Natasha
  1810 | D:3      | Killed from afar by Natasha

Action                   || total
-------------------------++-------
Melee: Unarmed           ||     1
       Dagger            ||     7
 Cast: Magic Dart        ||    74
       Conjure Flame     ||     1
  Use: Scroll            ||     7
